 Dungeon Crawl Stone Soup version 0.28.0-53-g5a82cb258f (webtiles) character file.

Game seed: 11051936154581127558

1015 unlimited1921 the Magician (level 8, -19/51 HPs)
             Began as a Djinni Fire Elementalist on June 6, 2022.
             Killed by an exploding hound zombie (36 damage)
             ... ignited by their inner flame
             ... on level 5 of the Dungeon.
             The game lasted 00:19:45 (8185 turns).

unlimited1921 the Magician (DjFE)                   Turns: 8185, Time: 00:19:46

Health: -19/51     AC:  2    Str: 13    XL:     8   Next: 45%
Gold:   181        EV: 20    Int: 18    God:
                   SH:  0    Dex: 20

rFire   . . .      SeeInvis .   (weapon currently unavailable)
rCold   . . .      Faith    .   (shield currently unavailable)
rNeg    . . .      Spirit   .   (armour currently unavailable)
rPois   ∞          Reflect  .   (helmet currently unavailable)
rElec   .          Harm     .   (cloak currently unavailable)
rCorr   .          Rampage  .   (gloves currently unavailable)
Will    .....                   (boots unavailable)
Stlth   +++.......              (no amulet)
HPRegen 0.17/turn               q - +6 ring of strength
MPRegen 0.00/turn               (no ring)

@: spider-form, marked, flying, very slightly contaminated
A: venomous fangs, flying, sickness immunity, tiny, (fire resistance 2), (cold
vulnerability 1), float, innate caster, HP casting, extra vitality 1
a: End Transformation


You were on level 5 of the Dungeon.
You were a venomous arachnid creature.
You visited 1 branch of the dungeon, and saw 5 of its levels.

You collected 181 gold pieces.

Inventory:

Hand Weapons
 p - a +0 hunting sling (melded)
 v - a +4 dagger
 y - a +2 falchion of venom
Missiles
 d - 23 sling bullets
 i - 23 bolts
 k - 151 stones
 r - 6 boomerangs
Armour
 e - a +0 leather armour (melded)
 h - a +0 pair of gloves (melded)
 u - a +0 helmet (melded)
Jewellery
 q - a +6 ring of strength (left front leg)
Wands
 C - a wand of flame (1)
Scrolls
 b - 2 scrolls of enchant armour {unknown}
 c - 5 scrolls of identify {unknown}
 f - a scroll of fog {unknown}
 g - 2 scrolls of teleportation {unknown}
 j - 2 scrolls of immolation {unknown}
 l - 3 scrolls of enchant weapon {unknown}
 n - a scroll of vulnerability {unknown}
 o - 2 scrolls of blinking {unknown}
 w - a scroll of acquirement {unknown}
 x - a scroll of magic mapping {unknown}
 B - a scroll of noise {unknown}
Potions
 a - 2 potions of mutation {unknown}
 m - a potion of degeneration {unknown}
 s - a potion of brilliance {unknown}
 t - 3 potions of might {unknown}
 z - a potion of cancellation {unknown}
 A - a potion of flight {unknown}


   Skills:
 + Level 0.8 Fighting
 + Level 1.3 Slings
 + Level 3.2 Armour
 + Level 2.6 Dodging
 + Level 2.9 Stealth
 + Level 6.3 Spellcasting


You couldn't memorise any spells.
You knew the following spells:

 Your Spells              Type           Power      Damage    Failure   Level
a - Foxfire               Conj/Fire      100%       2x1d9     4%          1
b - Scorch                Fire           56%        2d8       6%          2
c - Conjure Flame         Conj/Fire      28%        6-21      10%         3
d - Inner Flame           Hex/Fire       28%        N/A       10%         3
e - Flame Wave            Conj/Fire      28%        2d8       22%         4
f - Slow                  Hex            100%       N/A       4%          1
g - Blink                 Tloc           56%        N/A       6%          2
h - Spider Form           Tmut/Pois      28%        N/A       10%         3
Your spell library was empty.

Dungeon Overview and Level Annotations

Branches:
Dungeon (5/15)
 Temple: D:4-7

Altars:
Nemelex Xobeh
Ru

Shops:
D:3 [


Innate Abilities, Weirdness & Mutations

You are a venomous arachnid creature.
You have poisonous fangs.
You are tiny and dextrous.
You are flying.
Your spellcasting is less reliable in this form.
Your armour is entirely melded.
You are incapable of wielding weapons or throwing items.
You are immune to sickness and miasma.
You are immune to poison.
((Your flesh is very heat resistant. (rF++)))
((You are vulnerable to cold. (rC-)))
You float through the air rather than walking.
You learn spells naturally, not from books.
Your magical power is your life essence.
You have superior vitality. (+4 MHP)


Message History

Nothing appears to happen.
The water moccasin zombie is engulfed in blazing flames.
The water moccasin zombie barely misses you.
Casting: Scorch (safe; 6% risk of failure)
Confirm with . or Enter, or press ? or * to list all spells.
Flames lash the water moccasin zombie.
The water moccasin zombie is almost destroyed.
The water moccasin zombie's fire resistance burns away.
The water moccasin zombie is engulfed in blazing flames.
You destroy the water moccasin zombie!
The hound zombie is engulfed in blazing flames.
An orc comes into view. It is wielding a +0 whip.
Casting: Scorch (safe; 6% risk of failure)
Confirm with . or Enter, or press ? or * to list all spells.
Aiming: Inner Flame (dangerous; 10% risk of failure)
Press: ? - help, Dir - move target, f - hound zombie, p - gnoll
Aim: a hound zombie (moderately damaged, chance to affect: 91%)
You miscast Inner Flame.
Nothing appears to happen.
The orc wizard gestures wildly while chanting.
The orc wizard flickers and vanishes!
Deactivating autopickup; reactivate with Ctrl-A.
Casting: Inner Flame (dangerous; 10% risk of failure)
Confirm with . or Enter, or press ? or * to list all spells.
Aiming: Inner Flame (dangerous; 10% risk of failure)
Press: ? - help, Dir - move target, f/p - hound zombie
Aim: a hound zombie (flame, moderately damaged, chance to affect: 91%)
The hound zombie is filled with an inner flame.
The hound zombie is engulfed in blazing flames.
Flame seeps out of the hound zombie.
The hound zombie closely misses you.
An orc wizard comes into view. It is wielding a +0 dagger.
Casting: Inner Flame (dangerous; 10% risk of failure)
Confirm with . or Enter, or press ? or * to list all spells.
You conjure some foxfire!
The hound zombie is engulfed in blazing flames.
The hound zombie explodes!
The fiery explosion engulfs your foxfire.
Your foxfire completely resists.
The fiery explosion engulfs you!!!
Ouch! That really hurt!
You die...

.....#..............
........##.....o.....
........##...........
........##...........
...........o.o......
.....♣...☼gh........
......♣.§§§g....##
.......§°v§gg....#
.......§s##......#
........v##......+ .
.........##......####....
.................<.......
...........§.............
........§≈§≈§............
......§§§≈≈≈##...........
...§.§≈≈#####.##.........
#.# §≈......#.


You could see a black bear, a gnoll sergeant (inner flame), an orc wizard, 3
gnolls and 2 orcs.

Vanquished Creatures
  Sigmund (D:2)
  2 necrophages (D:4)
  2 scorpions
  A water moccasin zombie (D:5)
  2 howler monkeys (D:4)
  2 electric eels (D:4)
  A hound (D:5)
  2 bullfrog skeletons
  An iguana (D:4)
  Terence (D:2)
  An orc wizard (D:4)
  A hound zombie (D:5)
  2 hound skeletons (D:4)
  Robin (D:3)
  5 adders
  An adder skeleton (D:4)
  4 worms
  4 dart slugs
  4 orcs (D:4)
  8 ball pythons
  5 endoplasms
  5 giant cockroaches
  17 goblins
  5 hobgoblins
  4 jackals
  2 quokkas
  2 bats (D:1)
  2 frilled lizards
  8 kobolds
  3 rats (D:2)
99 creatures vanquished.

Vanquished Creatures (collateral kills)
  6 foxfires (D:4)
6 creatures vanquished.

Vanquished Creatures (others)
  253 foxfires
  A plant (D:4)
254 creatures vanquished.

Grand Total: 359 creatures vanquished

Notes
Turn   | Place    | Note
-------+----------+-------------------------------------------
     0 | D:1      | unlimited1921 the Djinni Fire Elementalist began the quest
                  | for the Orb.
     0 | D:1      | Reached XP level 1. HP: 15/15 MP: 0/0
   409 | D:1      | Reached XP level 2. HP: 18/21 MP: 0/0
   768 | D:1      | Reached skill level 3 in Spellcasting
   779 | D:1      | Reached XP level 3. HP: 6/25 MP: 0/0
   779 | D:1      | Learned a level 1 spell: Slow
  2080 | D:2      | Reached XP level 4. HP: 27/31 MP: 0/0
  2758 | D:2      | Noticed Sigmund
  2762 | D:2      | Killed Sigmund
  2763 | D:2      | Reached skill level 1 in Armour
  2763 | D:2      | Reached skill level 4 in Spellcasting
  2763 | D:2      | Reached XP level 5. HP: 20/36 MP: 0/0
  2763 | D:2      | Learned a level 2 spell: Blink
  2763 | D:2      | Reached XP level 6. HP: 22/41 MP: 0/0
  3785 | D:3      | Found a sparkling altar of Nemelex Xobeh.
  4564 | D:3      | Found Roid's Armour Shop.
  4861 | D:3      | Noticed Terence
  4942 | D:2      | Killed Terence
  5206 | D:3      | Noticed Robin
  5210 | D:3      | Killed Robin
  5388 | D:3      | Found a faded altar of an unknown god.
  5500 | D:3      | Reached XP level 7. HP: 41/46 MP: 0/0
  5500 | D:3      | Learned a level 3 spell: Spider Form
  6257 | D:4      | Reached skill level 5 in Spellcasting
  6491 | D:4      | Reached skill level 1 in Slings
  6778 | D:4      | Reached XP level 8. HP: 40/51 MP: 0/0
  7304 | D:4      | Found a transporter.
  7376 | D:4      | Found a sacrificial altar of Ru.
  7537 | D:4      | Found a transporter.
  7757 | D:4      | Reached skill level 6 in Spellcasting
  8153 | D:5      | Entered Level 5 of the Dungeon
  8185 | D:5      | Killed by an exploding hound zombie... ignited by their
                  | inner flame

Illustrated notes

Levels and vault maps discovered:
D:1:      lightli_arrival_lavapool, layout_rooms, lemuel_another_geyser
D:2:      layout_basic, nrook_campfire, kennysheep_generic_room_3, uniq_sigmund
D:3:      layout_basic, nemelex_spade_bored_becter,
          shapermc_ecumenical_altar_mp_highgroup, serial_shops, shop,
          corexii_leaking_fountain, minmay_misc_feat_encased, uniq_terence,
          uniq_robin
D:4:      gammafunk_steamed_eel, layout_gridville, amcnicky_altar_gilded,
          minmay_starry_boxes
D:5:      layout_basic, nicolae_yredelemnul_corpse_copse,
          nicolae_concentric_dashed_squares_wild, chequers_mini_garden,
          grunt_decor_junction

Skill      XL: |  1  2  3  4  5  6  7  8 |
---------------+-------------------------+-----
Spellcasting   | 3 4 5 6 |  6.3
Stealth        | 2 |  2.9
Armour         | 1 2 3 |  3.2
Slings         | 1 |  1.3
Fighting       | |  0.8
Dodging        | |  2.6

Action                   |  1- 3 |  4- 6 |  7- 9 || total
-------------------------+-------+-------+-------++-------
Melee: Unarmed           |     1 |       |       ||     1
       Dagger            |       |    21 |       ||    21
       Punch             |       |     1 |       ||     1
 Fire: Hunting sling     |       |    18 |    13 ||    31
 Cast: Foxfire           |    59 |    60 |    45 ||   164
       Scorch            |       |     7 |    36 ||    43
       Blink             |       |     2 |       ||     2
       Spider Form       |       |       |     3 ||     3
       Inner Flame       |       |       |     6 ||     6
 Stab: Sleeping          |       |     1 |       ||     1
Armor: Robe              |     2 |       |       ||     2
       Leather armour    |       |    11 |     3 ||    14
Dodge: Dodged            |     8 |    22 |    13 ||    43
